 Dungeon Crawl Stone Soup version 0.29.1-15-g9cfb28693d (webtiles) character file.

Game seed: 8814780189037190860

17 Artool the Trooper (level 2, -1/24 HPs)
             Began as a Demonspawn Fighter on Apr 11, 2023.
             Slain by a hobgoblin (4 damage)
             ... on level 1 of the Dungeon.
             The game lasted 00:00:37 (786 turns).

Artool the Trooper (Demonspawn Fighter)              Turns: 786, Time: 00:00:38

Health: -1/24      AC:  6    Str: 16    XL:     2   Next: 44%
Magic:  2/2        EV:  5    Int:  9    God:
Gold:   16         SH:  4    Dex: 12    Spells: 1/1 levels left

rFire   . . .      SeeInvis .   a - +0 flail
rCold   . . .      Faith    .   c - +0 buckler
rNeg    . . .      Spirit   .   b - +0 scale mail
rPois   .          Reflect  .   (helmet restricted)
rElec   .          Harm     .   (no cloak)
rCorr   .          Rampage  .   (no gloves)
Will    .....                   (no boots)
Stlth   ..........              (no amulet)
HPRegen 0.08/turn               (no ring)
MPRegen 0.08/turn               (no ring)

@: constricted
A: antennae 1
a: no special abilities


You were on level 1 of the Dungeon.
You visited 1 branch of the dungeon, and saw 1 of its levels.

You collected 16 gold pieces.

Inventory:

Hand Weapons
 a - a +0 flail (weapon)
Armour
 b - a +0 scale mail (worn)
 c - a +0 buckler (worn)
Magical Staves
 f - a staff of air
Scrolls
 g - a scroll of identify {unknown}
 h - a scroll of blinking {unknown}
 i - a scroll of fear {unknown}
Potions
 d - a potion of might
 e - a potion of invisibility {unknown}
 j - a potion of curing {unknown}


   Skills:
 + Level 3.2 Fighting
 + Level 2.1 Maces & Flails
 + Level 2.9 Armour
 + Level 2.9 Shields


You had one spell level left.
You didn't know any spells.
Your spell library was empty.

Dungeon Overview and Level Annotations

Branches:
Dungeon (1/15)

Altars:


Innate Abilities, Weirdness & Mutations

You have a pair of small antennae on your head.


Message History

There is a large open door here.
The ball python bites you. The ball python grabs you.
The ball python constricts you.
There is a large open door here.
You closely miss the ball python.
The ball python bites you but does no damage.
The ball python constricts you.
You barely miss the ball python. You block the ball python's attack.
The ball python constricts you.
The ball python bites you but does no damage.
The ball python constricts you.
You hit the ball python.
The ball python is severely wounded.
The ball python bites you.
* * * LOW HITPOINT WARNING * * *
The ball python constricts you.
The hobgoblin hits you but does no damage.
You hit the ball python.
You kill the ball python!
The ball python bites you.
* * * LOW HITPOINT WARNING * * *
The ball python closely misses you. The hobgoblin misses you.
You closely miss the ball python. You block the ball python's attack.
The ball python grabs you. The ball python constricts you.
* * * LOW HITPOINT WARNING * * *
You block the hobgoblin's attack. The ball python bites you.
* * * LOW HITPOINT WARNING * * *
The ball python constricts you.
You hit the ball python.
The ball python is moderately wounded.
The hobgoblin hits you but does no damage.
The ball python barely misses you. The ball python constricts you.
The hobgoblin hits you.
* * * LOW HITPOINT WARNING * * *
You closely miss the ball python.
The ball python is moderately wounded.
The ball python barely misses you. The ball python constricts you.
The ball python bites you but does no damage.
The ball python constricts you. The hobgoblin hits you.
You die...

.................................
.................>.............##
.......#.........#...#.........#
.......#.......##...............
#.... #........#...#...........
#..###........#............
##..##........'....#.......
#.†..#.......##g.>.........
#...#.........S@............
....####.......##...#########
._.# #.......###### ... #########
.# #


You could see a hobgoblin and a ball python.

Vanquished Creatures
  2 bats (D:1)
  An endoplasm (D:1)
  A goblin (D:1)
  2 hobgoblins (D:1)
  A kobold (D:1)
  4 ball pythons (D:1)
  2 frilled lizards (D:1)
  4 rats (D:1)
17 creatures vanquished.

Notes
Turn   | Place    | Note
-------+----------+-------------------------------------------
     0 | D:1      | Artool the Demonspawn Fighter began the quest for the Orb.
     0 | D:1      | Reached XP level 1. HP: 18/18 MP: 1/1
   215 | D:1      | Discovered your monstrous ancestry.
   215 | D:1      | Gained mutation: You have a pair of small antennae on your
                  | head. [demonic ancestry]
   215 | D:1      | Reached XP level 2. HP: 24/24 MP: 2/2
   758 | D:1      | Found a faded altar of an unknown god.
   786 | D:1      | Slain by a hobgoblin

Illustrated notes

Levels and vault maps discovered:
D:1:      mainiacjoe_arrival_reflecting_pool, layout_basic,
          nicolae_ecumenical_snake_handling

Skill      XL: |  1 |
---------------+----+-----
Maces & Flails | 2 |  2.1
Fighting       | |  3.2
Armour         | |  2.9
Shields        | |  2.9

Action                   || total
-------------------------++-------
Melee: Flail             ||    63
Armor: Scale mail        ||    44
Dodge: Dodged            ||    34
Block: Buckler           ||    18
